 Dungeon Crawl Stone Soup version 0.25.0-9-g26727b6 (webtiles) character file.

Game seed: 14117790794292732678

19127 Ousak the Basher (level 12, -8/105 HPs)
             Began as a White Draconian Ice Elementalist on June 16, 2020.
             Was a High Priest of Sif Muna.
             Mangled by a polar bear (18 damage)
             ... in an ice cave on June 17, 2020.
             The game lasted 00:31:43 (18526 turns).

Ousak the Basher (DrIE)                            Turns: 18526, Time: 00:31:43

Health: -8/105     AC: 11    Str: 16    XL:     12   Next: 33%
Magic:  20/24      EV: 12    Int: 21    God:    Sif Muna [*****.]
Gold:   515        SH:  0    Dex: 12    Spells: 5/27 levels left

rFire    . . .     SeeInvis .   m - +3 flail (holy)
rCold    + . .     Gourm    .   (no shield)
rNeg     . . .     Faith    +   (armour unavailable)
rPois    .         Spirit   .   (helmet restricted)
rElec    .         Reflect  .   M - +0 cloak
rCorr    .         Harm     .   a - +1 pair of gloves
MR       .....                  (no boots)
Stlth    ++........             J - amulet of faith
HPRegen  0.27/turn              f - ring of wizardry
MPRegen  0.19/turn              z - +6 ring of strength

@: frozen ramparts
A: breathe frost, unfitting armour, cold resistance 1, cold-blooded, AC +8
a: Breathe Frost, Channel Magic, Forget Spell, Divine Exegesis, Renounce
Religion


You were in an ice cave.
You worshipped Sif Muna.
Sif Muna was extremely pleased with you.
You were not hungry.

You visited 3 branches of the dungeon, and saw 14 of its levels.
You also visited: Bailey and Ice Cave.

You collected 857 gold pieces.
You spent 342 gold pieces at shops.

Inventory:

Hand Weapons
 m - a +3 flail of holy wrath (weapon)
 H - the +8 trident of Trial by Ordeal {flame, Str+5, unknown}
   (You found it on level 1 of the Lair of Beasts)

   It has been specially enchanted to burn those struck by it, causing extra
   injury to most foes and up to half again as much damage against particularly
   susceptible opponents.
   It affects your strength (+5).
 U - a +0 hand axe
 X - the +2 spear "Vamyxkod" {protect, rF++ rN+ Int+5, unknown}
   (You found it on level 1 of the Lair of Beasts)

   It grants its wielder temporary protection when it strikes (+7 to AC).
   It affects your intelligence (+5).
   It greatly protects you from fire.
   It protects you from negative energy.
Armour
 a - a +1 pair of gloves (worn)
 M - a +0 cloak (worn)
Jewellery
 f - a ring of wizardry (left hand)
 z - a +6 ring of strength (right hand)
 A - an uncursed ring of see invisible {unknown}
 G - an uncursed ring of flight
 J - an amulet of faith (around neck)
 N - a cursed -4 ring of evasion {unknown}
 Q - an uncursed amulet of guardian spirit {unknown}
 T - the ring "Emumuh" {rPois Int+4, unknown}
   (You found it on level 10 of the Dungeon)

   [ring of poison resistance]

   It affects your intelligence (+4).
   It protects you from poison.
 V - an uncursed ring of protection from magic
Wands
 C - a wand of polymorph (10)
 E - a wand of disintegration (16)
 F - a wand of iceblast (21)
 I - a wand of enslavement (4)
 K - a wand of random effects (22)
Scrolls
 d - 2 scrolls of immolation
 e - a scroll of amnesia
 h - 2 scrolls of enchant armour
 l - 2 scrolls of magic mapping
 o - 7 scrolls of remove curse
 p - 2 scrolls of fear
 t - 4 scrolls of fog {unknown}
 u - a scroll of vulnerability
 v - 5 scrolls of blinking
 x - 6 scrolls of teleportation {unknown}
 y - 2 scrolls of enchant weapon
 W - a scroll of random uselessness {unknown}
Potions
 c - 6 potions of flight
 j - 4 potions of stabbing
 k - 2 potions of mutation
 n - 5 potions of curing
 q - a potion of degeneration
 r - a potion of cancellation
 s - 5 potions of haste
 w - 4 potions of magic
 B - 2 potions of resistance
 D - 4 potions of might
 L - 2 potions of invisibility
 O - a potion of brilliance {unknown}
 P - 3 potions of ambrosia
 R - 2 potions of experience {unknown}
 Z - a potion of lignification {unknown}
Miscellaneous
 S - a lightning rod (4/4)
Comestibles
 b - 15 rations


   Skills:
 + Level 9.5 Fighting
 + Level 12.6 Maces & Flails
 - Level 1.7 Dodging
 - Level 1.7 Stealth
   Level 7.4 Shields
 - Level 8.0 Spellcasting
 * Level 1.5 Fire Magic
 - Level 10.0 Ice Magic


You had 5 spell levels left.
You knew the following spells:

 Your Spells              Type           Power        Failure   Level  Hunger
a - Freeze                Ice            ####         1%          1    None
b - Frozen Ramparts       Ice            ######       1%          3    None
c - Ozocubu's Armour      Chrm/Ice       ####....     1%          3    None
d - Hailstorm             Conj/Ice       ####....     4%          4    ###....
e - Summon Ice Beast      Ice/Summ       ####....     4%          4    ###....
f - Sticky Flame          Conj/Fire      ##......     22%         4    ###....
g - Stone Arrow           Conj/Erth      #.....       10%         3    None

Your spell library contained the following spells:

 Spells                   Type           Power        Failure   Level  Hunger
 Animate Skeleton         Necr           N/A          3%          1    None
 Apportation              Tloc           #.....       3%          1    None
 Corona                   Hex            #......      3%          1    None
 Summon Small Mammal      Summ           #...         3%          1    None
 Passwall                 Tmut/Erth      #.......     4%          2    None
 Ice Form                 Ice/Tmut       ####....     4%          4    ###....
 Confusing Touch          Hex            #.......     10%         3    None
 Gell's Gravitas          Tloc           #.........   10%         3    None
 Metabolic Englaciation   Hex/Ice        ####......   12%         5    #####..
 Petrify                  Tmut/Erth      #.......     30%         4    ###....
 Yara's Violent Unravell  Hex/Tmut       #.........   61%         5    #####..
 Conjure Ball Lightning   Conj/Air       #.........   99%         6    ######.
 Chain Lightning          Conj/Air       #.........   100%        8    #######


Dungeon Overview and Level Annotations

Branches:
Dungeon (11/15)            Temple (1/1) D:7            Lair (2/6) D:11
 Bailey (visited)           IceCv (1/1)
  Swamp: Lair:2-4    Shoals: Lair:2-4     Snake: Lair:2-4    Spider: Lair:2-4
    Orc: D:9-12

Altars:
Ashenzari
Cheibriados
Dithmenos
Elyvilon
Fedhas
Gozag
Kikubaaqudgha
Nemelex Xobeh
Okawaru
Qazlal
Ru
Sif Muna
Trog
Vehumet
Xom
Yredelemnul
Zin

Shops:
D:5 ?   D:6 }   D:7 %==   D:10 !(**

Annotations:
D:4 2 runed translucent doors, Terrapin's ghost, amateur HOMo


Innate Abilities, Weirdness & Mutations

You can breathe waves of freezing cold.
You can buffet flying creatures when you breathe cold.
Your icy white scales are hard. (AC +8)
You cannot fit into any form of body armour.
Your flesh is cold resistant. (rC+)
You are cold-blooded and may be slowed by cold attacks.


Message History

You feel much better. The polar bear closely misses you.
The polar bear claws you but does no damage. x2
Casting: Frozen Ramparts (safe; 1% risk of failure)
Confirm with . or Enter, or press ? or * to list all spells.
You cannot sustain more frozen ramparts right now.
The frozen ramparts melt away.
The polar bear bites you!
* * * LOW HITPOINT WARNING * * *
The polar bear closely misses you. The polar bear barely misses you.
Casting: Frozen Ramparts (safe; 1% risk of failure)
Confirm with . or Enter, or press ? or * to list all spells.
The walls around you are covered in ice.
The polar bear completely resists.
The wall freezes the polar bear but do no damage.
The polar bear bites you!
* * * LOW HITPOINT WARNING * * *
The polar bear claws you but does no damage. x2
The polar bear completely resists.
The wall freezes the polar bear but do no damage.
The polar bear bites you!!
You die...

#..##≈##.##..##
####≈≈####.###
##≈≈#....####
#≈≈#.######.##
≈≈#.####.#...#
##.#.#....#.#
#÷##.#.#.##.## ###
#÷##h..#####.###[##
#.#@#.## #..#.#)#
##..### ##.##.##
#..## #.#.## ####
#..## ##.# #..#
##.## #..# ## ###
#.## .#


You could see a polar bear (berserk).

Vanquished Creatures
  An orc warlord (Bailey)
  2 hydras
  An unseen horror (D:10)
  An orc knight (Bailey)
  An ice statue (IceCv)
  Maurice (D:8)
  A black mamba (Lair:1)
  A rime drake (IceCv)
  3 spiny frogs (Lair:1)
  An efreet (D:10)
  2 trolls
  10 polar bears (IceCv)
  Prince Ribbit (D:9)
  17 yaks
  2 steam dragons (D:9)
  A water moccasin (Lair:1)
  A hornet zombie (D:7)
  4 phantoms
  5 orc warriors
  2 ice beasts
  6 sky beasts
  2 black bears (D:9)
  3 ogres
  17 wolves (IceCv)
  5 crocodiles (Lair:1)
  7 centaurs
  2 big kobolds
  Blork the orc (D:5)
  8 bullfrogs
  A gnoll sergeant (D:9)
  7 scorpions
  8 killer bees
  7 howler monkeys
  2 electric eels (D:6)
  2 crimson imps
  A quasit (D:8)
  An orc priest (D:3)
  2 bullfrog skeletons
  4 hounds
  7 jellies
  A centaur skeleton (D:10)
  An iguana (D:8)
  4 worker ants
  8 orc wizards
  3 worker ant zombies
  8 gnolls
  A howler monkey skeleton (D:4)
  11 adders
  4 shadow imps
  2 adder skeletons
  An adder zombie (D:9)
  A worm (D:3)
  4 dart slugs
  8 leopard geckos
  42 orcs
  6 giant cockroaches
  19 goblins
  10 hobgoblins
  11 jackals
  3 quokkas
  3 ball pythons
  A ball python skeleton (D:4)
  6 bats
  4 frilled lizards
  3 jackal skeletons
  28 kobolds
  2 rats
346 creatures vanquished.

Vanquished Creatures (collateral kills)
  2 rime drakes (Lair:2)
2 creatures vanquished.

Vanquished Creatures (others)
  2 floating eyes (D:10)
  A centaur skeleton (D:10)
  A plant (D:1)
4 creatures vanquished.

Grand Total: 352 creatures vanquished

Notes
Turn   | Place    | Note
-------+----------+-------------------------------------------
     0 | D:1      | Ousak the Draconian Ice Elementalist began the quest for
                  | the Orb.
     0 | D:1      | Reached XP level 1. HP: 14/14 MP: 3/3
     2 | D:1      | Noticed a gargoyle
     2 | D:1      | Noticed a vine stalker
     4 | D:1      | Noticed a felid
     4 | D:1      | Noticed a naga
     6 | D:1      | Noticed a vampire
     6 | D:1      | Noticed a merfolk
     8 | D:1      | Noticed an elf
     8 | D:1      | Noticed a centaur
    10 | D:1      | Noticed an octopode
    12 | D:1      | Noticed a tengu
    12 | D:1      | Noticed a formicid
    14 | D:1      | Noticed a halfling
    14 | D:1      | Noticed an ogre
    16 | D:1      | Noticed a human
    16 | D:1      | Noticed a minotaur
    18 | D:1      | Noticed a dwarf
    20 | D:1      | Noticed a demigod
    22 | D:1      | Noticed a spriggan
    22 | D:1      | Noticed a ghoul
    24 | D:1      | Noticed a troll
    24 | D:1      | Noticed a demonspawn
    26 | D:1      | Noticed a draconian
   440 | D:1      | Reached XP level 2. HP: 22/22 MP: 3/5
  1273 | D:2      | Reached XP level 3. HP: 15/27 MP: 6/6
  1278 | D:2      | Learned a level 3 spell: Frozen Ramparts
  1282 | D:2      | Learned a level 3 spell: Ozocubu's Armour
  1499 | D:2      | Reached skill level 1 in Fighting
  1758 | D:2      | Reached XP level 4. HP: 35/35 MP: 3/8
  1884 | D:2      | Found a radiant altar of Vehumet.
  2243 | D:3      | Reached skill level 5 in Ice Magic
  2538 | D:3      | Reached XP level 5. HP: 19/40 MP: 5/10
  3013 | D:3      | Found a snail-covered altar of Cheibriados.
  3219 | D:4      | Reached skill level 1 in Maces & Flails
  3571 | D:4      | Noticed a phantom
  3608 | D:4      | Killed a phantom
  3608 | D:4      | Reached skill level 2 in Maces & Flails
  3608 | D:4      | Reached XP level 6. HP: 19/48 MP: 9/12
  4113 | D:4      | Found a large runed translucent door.
  4114 | D:4      | Found a large runed translucent door.
  4117 | D:4      | Noticed Terrapin's ghost (amateur HOMo)
  4371 | D:4      | Reached skill level 3 in Maces & Flails
  4436 | D:4      | Your scales start taking on an icy white colour.
  4436 | D:4      | Reached XP level 7. HP: 56/56 MP: 13/13
  4436 | D:4      | Gained mutation: Your flesh is cold resistant. (rC+) [White
                  | Draconian growth]
  4633 | D:5      | Entered Level 5 of the Dungeon
  4648 | D:5      | Found Putamnuf's Magic Scroll Emporium.
  4655 | D:5      | Bought a scroll of amnesia for 45 gold pieces
  4655 | D:5      | Bought a scroll of vulnerability for 97 gold pieces
  4732 | D:5      | Found an ancient bone altar of Kikubaaqudgha.
  4763 | D:5      | Noticed Blork the orc
  4763 | D:5      | You fall into a shaft and drop 1 floor!
  4947 | D:6      | Noticed an eight-headed hydra
  5196 | D:6      | Reached skill level 4 in Maces & Flails
  5197 | D:6      | Reached skill level 5 in Spellcasting
  5211 | D:6      | Found a bloodstained altar of Trog.
  5508 | D:5      | Killed Blork the orc
  5508 | D:5      | Reached XP level 8. HP: 49/63 MP: 11/15
  6234 | D:6      | Found Nogifadauw's Gadget Shoppe.
  6734 | D:6      | Killed an eight-headed hydra
  6734 | D:6      | Reached skill level 5 in Maces & Flails
  6734 | D:6      | Reached XP level 9. HP: 30/71 MP: 6/19
  7633 | D:7      | Learned a level 4 spell: Hailstorm
  7638 | D:7      | Learned a level 4 spell: Summon Ice Beast
  7643 | D:7      | Found a staircase to the Ecumenical Temple.
  7663 | Temple   | Entered the Ecumenical Temple
  7672 | Temple   | Became a worshipper of Sif Muna the Loreminder
  7721 | D:7      | Found Vusunev's Jewellery Boutique.
  7809 | D:7      | Found Oklili's Jewellery Shop.
  8113 | D:7      | Found Naeps's Food Boutique.
  8307 | D:7      | Found an opulent altar of Gozag.
  8307 | D:7      | Found a shattered altar of Ashenzari.
  8336 | D:8      | Reached skill level 10 in Ice Magic
  8479 | D:8      | Reached skill level 6 in Maces & Flails
  8782 | D:8      | Reached * piety under Sif Muna
  8854 | D:8      | Noticed Maurice
  8872 | D:8      | Killed Maurice
  8872 | D:8      | Reached skill level 5 in Fighting
  8872 | D:8      | Reached skill level 7 in Maces & Flails
  9020 | D:8      | Found a white marble altar of Elyvilon.
  9088 | D:8      | Found an iron altar of Okawaru.
  9282 | D:8      | Reached XP level 10. HP: 74/81 MP: 18/22
  9436 | D:9      | Noticed Prince Ribbit
  9442 | D:9      | Killed Prince Ribbit
  9589 | D:9      | Reached skill level 8 in Maces & Flails
  9627 | D:9      | Noticed a four-headed hydra
  9644 | D:9      | Killed a four-headed hydra
  9804 | D:9      | Reached skill level 9 in Maces & Flails
  9827 | D:9      | Reached skill level 1 in Shields
 10356 | D:9      | Reached ** piety under Sif Muna
 10708 | D:9      | Reached skill level 10 in Maces & Flails
 11351 | D:10     | Entered Level 10 of the Dungeon
 11413 | D:10     | Found Iviekhlo's General Store.
 11434 | D:10     | Found Ystuvveuz's Antique Weapon Emporium.
 11450 | D:10     | Found Ysak's Assorted Antiques.
 11478 | D:10     | Found a flagged portal.
 11493 | Bailey   | Entered a bailey
 11498 | Bailey   | Noticed an orc warlord
 11521 | Bailey   | Noticed an orc knight
 11540 | Bailey   | Killed an orc knight
 11540 | Bailey   | Reached XP level 11. HP: 47/92 MP: 18/23
 11555 | Bailey   | Reached *** piety under Sif Muna
 11793 | Bailey   | Found a runed translucent gate.
 11793 | Bailey   | Found a runed translucent gate.
 11800 | Bailey   | Found a runed translucent gate.
 11973 | Bailey   | Killed an orc warlord
 12198 | D:10     | Found Voulahif's Distillery.
 12234 | D:10     | Bought a potion of invisibility for 96 gold pieces
 12264 | D:10     | Killed an unseen horror
 12264 | D:10     | Reached skill level 11 in Maces & Flails
 12352 | D:10     | Got a shimmering lapis lazuli ring
 12621 | D:10     | Reached **** piety under Sif Muna
 12997 | D:10     | Bought a potion of ambrosia for 104 gold pieces
 13252 | D:10     | Identified the +6 war axe "Syjipe" {drain, rPois rN+}
 14114 | D:11     | Noticed a six-headed hydra
 14165 | D:11     | Found a staircase to the Lair.
 14169 | D:11     | Reached skill level 5 in Shields
 14276 | Lair:1   | Entered Level 1 of the Lair of Beasts
 15510 | Lair:1   | Got a shimmering trident
 15555 | Lair:1   | Got a jewelled spear
 15582 | Lair:2   | Found a frozen archway.
 15611 | IceCv    | Entered an ice cave
 16115 | IceCv    | Reached skill level 12 in Maces & Flails
 16701 | IceCv    | Reached XP level 12. HP: 76/104 MP: 8/24
 16705 | IceCv    | Reached ***** piety under Sif Muna
 17601 | IceCv    | Identified Sif Muna's Compendium of Shifting Conjuration
                  | (Sif Muna gifted it to you in an ice cave)
 17601 | IceCv    | Received a gift from Sif Muna
 17613 | IceCv    | Learned a level 4 spell: Sticky Flame
 17711 | IceCv    | Learned a level 3 spell: Stone Arrow
 18349 | IceCv    | Reached skill level 1 in Fire Magic
 18520 | IceCv    | HP: 4/105 [polar bear (24)]
 18526 | IceCv    | Mangled by a polar bear

Illustrated notes

Levels and vault maps discovered:
D:1:      kb_arrival_jail, layout_rooms, serial_forest,
          infiniplex_forest_clump_small, infiniplex_forest_lined_corner,
          infiniplex_forest_lined_room_3, infiniplex_forest_straight_5,
          infiniplex_forest_lined_room_2, infiniplex_forest_zigzag_1,
          infiniplex_forest_lined_3, infiniplex_forest_end_3, st_stairs_6
D:2:      layout_rooms, lemuel_round_altar, first_ration
D:3:      layout_basic, cheibriados_altar_1
D:4:      layout_basic, ebering_ghost_disaster_area
D:5:      layout_loops_cross, lemuel_crystal_altar, serial_shops, shop,
          uniq_blork_the_orc
D:6:      layout_rooms, bloody_trog, serial_shops, shop, serial_bayou_lake_a
D:7:      layout_gridville, gammafunk_temple_overflow_wave,
          minmay_temple_entry_water_ring, serial_shops, nicolae_shop_trees,
          kennysheep_mini_moat, nicolae_shop_behind_doors
D:8:      layout_loops_cross, lemuel_crystal_altar, elyvilon_altar_5,
          uniq_maurice
D:9:      layout_gridville, uniq_prince_ribbit1
D:10:     layout_irregular_city, lightli_bailey_entry_fortress, serial_shops,
          nicolae_shop_trees, shop_statue, shop, nicolae_shop_behind_doors,
          onia_ninara_cookie
D:11:     layout_basic, lair_entry_dummy, hiddenorc2_lemuel, serial_shops,
          shop_statue, uniq_fannar
Temple:   eino_narrow_crystal_temple
Lair:1:   layout_regular_city, infiniplex_staircase_pool_2
Lair:2:   layout_gridlike, portal_ice_cave_rime, lemuel_fruit_fields
IceCv:    ice_cave_caverns_01

Skill      XL: |  1  2  3  4  5  6  7  8  9 10 11 12 |
---------------+-------------------------------------+-----
Spellcasting   | 3 4 5 6 8 |  8.0
Fighting       | 1 2 3 5 7 9 |  9.5
Ice Magic      | 5 7 9 10 | 10.0
Maces & Flails | 2 3 4 5 7 10 12 | 12.6
Shields        | 2 6 7 |  7.4
Fire Magic     | 1 |  1.5
Dodging        | |  1.7
Stealth        | |  1.7

Action                   |  1- 3 |  4- 6 |  7- 9 | 10-12 || total
-------------------------+-------+-------+-------+-------++-------
Melee: Hand axe          |    27 |     7 |       |       ||    34
       Unarmed           |     1 |       |       |       ||     1
       Flail             |       |    93 |   139 |   298 ||   530
       Tailslap          |       |     9 |    20 |    35 ||    64
 Cast: Freeze            |    38 |     9 |    22 |   135 ||   204
       Frozen Ramparts   |     3 |    12 |    35 |    69 ||   119
       Hailstorm         |       |       |     4 |     1 ||     5
       Summon Ice Beast  |       |       |       |     1 ||     1
       Ozocubu's Armour  |       |       |       |     1 ||     1
       Stone Arrow       |       |       |       |    24 ||    24
 Abil: Breathe Frost     |       |       |       |     8 ||     8
  Use: Scroll            |       |       |    13 |     5 ||    18
       Potion            |       |       |       |     3 ||     3
 Stab: Sleeping          |       |     1 |     4 |     3 ||     8
  Eat: Chunk             |     3 |    10 |    14 |    18 ||    45
       Ration            |       |       |     1 |     4 ||     5
Armor: Skin              |    26 |    52 |    71 |   229 ||   378
Dodge: Dodged            |    60 |    57 |   110 |   296 ||   523
Block: Kite shield       |       |       |       |   250 ||   250
